 Dungeon Crawl Stone Soup version 0.29-a0-1043-g569b05d6ff (webtiles) character file.

Game seed: 2369507261358813960

5606 SensoryNuts the Fighter (level 10, -15/123 HPs)
             Began as a Demonspawn Fighter on Aug 15, 2022.
             Demolished by a two-headed ogre
             ... wielding the +10 dark maul {vorpal}
              (25 damage)
             ... on level 8 of the Dungeon.
             The game lasted 00:17:43 (12175 turns).

SensoryNuts the Fighter (Demonspawn Fighter)       Turns: 12175, Time: 00:17:45

Health: -15/123    AC: 10    Str: 21    XL:     10   Next: 45%
Magic:  10/10      EV: 13    Int: 12    God:
Gold:   419        SH:  6    Dex: 15    Spells: 9/9 levels left

rFire   . . .      SeeInvis +   D - +6 short sword of Doom {freeze, Int+3 Dex+2}
rCold   . . .      Faith    .   c - +0 buckler
rNeg    . . .      Spirit   .   k - +0 acid dragon scales
rPois   +          Reflect  .   o - +1 hat {SInv}
rElec   .          Harm     .   q - +0 cloak
rCorr   +          Rampage  .   (no gloves)
Will    .....                   (no boots)
Stlth   ..........              d - amulet of the acrobat
HPRegen 0.30/turn               f - ring of poison resistance
MPRegen 0.12/turn               (no ring)

@: mighty, berserking, very quick
A: hooves 2, demonic guardian 2, powered by pain 1, weakness stinger 2
a: no special abilities


You were on level 8 of the Dungeon.
You visited 1 branch of the dungeon, and saw 10 of its levels.
You also visited: Ossuary.

You collected 419 gold pieces.

Inventory:

Hand Weapons
 a - a +0 long sword
 e - a +0 dagger of speed
 w - a +0 great sword
 A - a +0 short sword of speed
 B - a +3 long sword of protection
 D - the +6 short sword of Doom (weapon) {freeze, Int+3 Dex+2}
   (You took it off a kobold on level 10 of the Dungeon)

   It freezes those it strikes, dealing additional cold damage.
   It can also slow down cold-blooded creatures.
   Int:       It affects your intelligence (+3).
   Dex:       It affects your dexterity (+2).
Armour
 b - a +0 scale mail
 c - a +0 buckler (worn)
 k - +0 acid dragon scales (worn)
 o - a +1 hat of see invisible (worn)
 q - a +0 cloak (worn)
Magical Staves
 p - a staff of conjuration
Jewellery
 d - an amulet of the acrobat (around neck)
 f - a ring of poison resistance (left hand)
Wands
 s - a wand of roots (7)
 u - a wand of flame (31)
 x - a wand of acid (10)
Scrolls
 g - 2 scrolls of silence
 j - 2 scrolls of noise
 m - 2 scrolls of enchant armour
 r - 5 scrolls of teleportation
 t - 2 scrolls of immolation
 v - a scroll of torment
 y - a scroll of magic mapping
 F - 2 scrolls of butterflies
 G - 4 scrolls of identify
Potions
 l - 6 potions of flight
 n - 5 potions of attraction
 z - a potion of resistance {unknown}
 C - a potion of lignification
 E - a potion of ambrosia
 H - a potion of might


   Skills:
 + Level 8.4 Fighting
 + Level 5.7(6.8) Short Blades
 + Level 5.4(6.6) Long Blades
 + Level 7.3 Armour
 + Level 5.6 Dodging
 + Level 4.6 Stealth
 + Level 6.5 Shields


You had 9 spell levels left.
You didn't know any spells.
Your spell library contained the following spells:

 Spells                   Type           Power      Damage    Failure   Level
 Slow                     Hex            0%         N/A       45%         1
 Confusing Touch          Hex            0%         N/A       83%         3
 Vampiric Draining        Necr           0%         2d6       83%         3


Dungeon Overview and Level Annotations

Branches:
Dungeon (10/15)            Temple (0/1) D:5         Ossuary (visited)
   Lair: D:8-11         Orc: D:9-12

Altars:
Nemelex Xobeh
Vehumet

Shops:
D:5 =   D:6 :!


Innate Abilities, Weirdness & Mutations

You have hoof-like feet.
A demonic guardian rushes to your aid.
You sometimes gain a little power by taking damage.
You have a tail ending in a sharp stinger.


Message History

Ouch! That really hurt!
* * * LOW HITPOINT WARNING * * *
A demonic guardian appears!
You focus on the pain.
You feel very mighty all of a sudden.
* * * LOW HITPOINT WARNING * * *
The two-headed ogre misses you.
The two-headed ogre attacks as you move away!
You block the two-headed ogre's attack. The two-headed ogre barely misses you.
Your rust devil hits the two-headed ogre!
Your rust devil corrodes the two-headed ogre!
You feel better.
Your rust devil barely misses the two-headed ogre.
There is a large open door here.
Okay, then.
Okay, then.
The two-headed ogre completely misses you.
The two-headed ogre closely misses you.
Your rust devil hits the two-headed ogre!
The two-headed ogre seems to be corroded for longer.
Things that are here:
4 large rocks; a cyclops corpse The two-headed ogre attacks as you move away!
The two-headed ogre hits you with the +10 dark maul {vorpal}!
* * * LOW HITPOINT WARNING * * *
x2 The two-headed ogre barely misses you.
You feel better.
The two-headed ogre attacks as you move away!
The two-headed ogre misses you. You block the two-headed ogre's attack.
The two-headed ogre attacks as you move away!
The two-headed ogre misses you. You block the two-headed ogre's attack.
Your rust devil barely misses the two-headed ogre.
A red film seems to cover your vision as you go berserk!
You feel yourself moving faster!
You feel mighty!
You puncture the two-headed ogre! You freeze the two-headed ogre.
You kick the two-headed ogre.
The two-headed ogre is heavily wounded.
The two-headed ogre hits you with the +10 dark maul {vorpal}!
* * * LOW HITPOINT WARNING * * *
x2 The two-headed ogre hits you with a +0 giant club!!
You die...

.###.#####.###....#.##.#####.#
.# #.#####.# #.####.##<#####.#
## #.......###+##...####.....#
# ##########..........#.#####
# ##.......##.#.....# #
#######.............###.# #
#.......###########.###.# #
#.####..'.........#.....# #
#.# #..'..@O4.(..#.##### # #.#
#..########''#.# # #.#
#..#.......4.#.# # #.#
#..#.........#.# # #.#
#[.#.#######.#.# # #.# #..#
........#.# # #.# #..#
........#.# #### #.# #..#
........#.# ...# #.# #..#
..#.#...#.#


You could see a two-headed ogre (corroded, ally target) and a friendly rust
devil (summoned).

Vanquished Creatures
  A cyclops (D:8)
  An unseen horror (D:10)
  A troll (D:9)
  2 slime creatures
  2 wyverns (D:8)
  Duvessa (D:5)
  A black bear (D:7)
  An orc warrior (D:8)
  4 sky beasts
  4 ice beasts
  A centaur (D:8)
  2 ogres (D:6)
  2 kobold brigands
  An elf zombie (Ossuary)
  2 necrophages
  2 scorpions
  2 bullfrogs
  7 wights
  Dowan (D:5)
  4 howler monkeys (D:9)
  2 centaur zombies (Ossuary)
  2 hounds
  2 jellies
  4 human zombies (Ossuary)
  Crazy Yiuf (D:3)
  3 iguanas
  Natasha (thrice) (D:3)
  An orc wizard (D:7)
  3 mummies (Ossuary)
  3 hound zombies (Ossuary)
  8 adders
  A shadow imp (D:7)
  An ufetubus (D:4)
  3 adder zombies (Ossuary)
  4 worms
  2 dart slugs (D:1)
  13 orcs
  4 bats
  6 endoplasms
  4 giant cockroaches
  10 goblins
  9 hobgoblins
  8 quokkas
  4 ball pythons
  A frilled lizard (D:1)
  2 goblin zombies
  4 hobgoblin zombies (Ossuary)
  6 jackal zombies (Ossuary)
  17 kobolds
  3 kobold zombies (Ossuary)
  3 orc zombies (Ossuary)
  2 quokka zombies (Ossuary)
  6 rats
  4 rat zombies (Ossuary)
191 creatures vanquished.

Vanquished Creatures (collateral kills)
  Maggie (D:7)
  A vampire (D:8)
  A black bear (D:4)
  3 wights (D:10)
  A jelly (D:4)
  An orc wizard (D:8)
8 creatures vanquished.

Vanquished Creatures (others)
  A kobold (D:1)
1 creature vanquished.

Grand Total: 200 creatures vanquished

Notes
Turn   | Place    | Note
-------+----------+-------------------------------------------
     0 | D:1      | SensoryNuts the Demonspawn Fighter began the quest for the
                  | Orb.
     0 | D:1      | Reached XP level 1. HP: 18/18 MP: 1/1
   261 | D:1      | Discovered your monstrous ancestry.
   261 | D:1      | Gained mutation: You have a small tail. [demonic ancestry]
   261 | D:1      | Reached XP level 2. HP: 24/24 MP: 2/2
  1244 | D:2      | Gained mutation: You have large cloven feet. [demonic
                  | ancestry]
  1244 | D:2      | Reached XP level 3. HP: 7/29 MP: 3/3
  2052 | D:2      | Gained mutation: You have hoof-like feet. [demonic
                  | ancestry]
  2052 | D:2      | Reached XP level 4. HP: 35/35 MP: 4/4
  2058 | D:2      | Found a faded altar of an unknown god.
  3051 | D:3      | Noticed Natasha
  3059 | D:3      | Killed Natasha
  3471 | D:3      | Noticed Natasha
  3478 | D:3      | Killed Natasha
  3479 | D:3      | Reached XP level 5. HP: 36/41 MP: 5/5
  3535 | D:3      | Found a runed translucent door.
  3536 | D:3      | Noticed Crazy Yiuf
  3770 | D:3      | Killed Crazy Yiuf
  3807 | D:3      | Noticed Natasha
  3814 | D:3      | Killed Natasha
  3818 | D:3      | Reached skill level 7 in Fighting
  3818 | D:3      | Reached skill level 5 in Long Blades
  3818 | D:3      | Reached skill level 5 in Armour
  3818 | D:3      | Reached skill level 5 in Shields
  3818 | D:3      | Reached XP level 6. HP: 55/55 MP: 6/6
  4327 | D:4      | Found a sand-covered staircase.
  4336 | Ossuary  | Entered an ossuary
  4481 | Ossuary  | Reached skill level 1 in Short Blades
  4481 | Ossuary  | Gained mutation: A weak demonic guardian rushes to your
                  | aid. [demonic ancestry]
  4481 | Ossuary  | Reached XP level 7. HP: 57/60 MP: 7/7
  5860 | D:5      | Entered Level 5 of the Dungeon
  5924 | D:5      | Found Cori Ano's Jewellery Shoppe.
  5941 | D:5      | Gained mutation: You sometimes gain a little power by
                  | taking damage. [demonic ancestry]
  5941 | D:5      | Reached XP level 8. HP: 51/67 MP: 8/8
  6249 | D:5      | Noticed Duvessa
  6253 | D:5      | Noticed Dowan
  6263 | D:5      | Killed Duvessa
  6267 | D:5      | Killed Dowan
  6481 | D:5      | Found a staircase to the Ecumenical Temple.
  7749 | D:6      | Found a sparkling altar of Nemelex Xobeh.
  8160 | D:6      | Found Xaijiyr's Distillery.
  8294 | D:6      | Found Balia's Book Emporium.
  8704 | D:7      | Gained mutation: A demonic guardian rushes to your aid.
                  | [demonic ancestry]
  8704 | D:7      | Reached XP level 9. HP: 60/73 MP: 9/9
  9299 | D:7      | Noticed Maggie
  9323 | D:7      | Killed Maggie
 10230 | D:8      | Identified the +2 quarterstaff of Courage {pain, MP+9}
 10431 | D:8      | You fall into a shaft and drop 1 floor!
 10447 | D:9      | Noticed a troll
 10466 | D:9      | Killed a troll
 10467 | D:9      | Reached skill level 8 in Fighting
 10486 | D:9      | Reached skill level 5 in Dodging
 10502 | D:10     | Entered Level 10 of the Dungeon
 10915 | D:10     | Noticed an unseen horror
 10931 | D:10     | Found a radiant altar of Vehumet.
 10968 | D:10     | Killed an unseen horror
 10969 | D:10     | Reached skill level 5 in Short Blades
 10969 | D:10     | Gained mutation: You have a tail ending in a sharp stinger.
                  | [demonic ancestry]
 10969 | D:10     | Reached XP level 10. HP: 43/80 MP: 10/10
 11170 | D:10     | Identified the +6 short sword of Doom {freeze, Int+3 Dex+2}
 12066 | D:8      | Noticed a cyclops
 12076 | D:8      | Killed a cyclops
 12161 | D:8      | Noticed a two-headed ogre
 12175 | D:8      | Demolished by a two-headed ogre

Illustrated notes

Levels and vault maps discovered:
D:1:      giann_horns, layout_basic, corexii_item_surrounded_by_moat,
          minmay_tromino_v4_a
D:2:      layout_loops_ring, shapermc_ecumenical_altar_mp_highgroup,
          hangedman_abyss_or_decor_stabs
D:3:      layout_basic, uniq_natasha, uniq_crazy_yiuf_cottage
D:4:      layout_gridville, enter_ossuary_3, hangedman_decor_diamond_cutter,
          hangedman_abyss_or_decor_jellyfish_corner
D:5:      layout_cave_pools, minmay_temple_entry_hall, serial_shops, shop,
          uniq_duvessa
D:6:      layout_layer_cave, nemelex_spade_bored_becter, serial_shops,
          nicolae_shop_waterfront, shop_fountains,
          minmay_misc_feat_secret_circle
D:7:      layout_gridville, uniq_maggie
D:8:      layout_basic, hellmonk_guarded_unrand_dark_maul
D:9:      layout_cross, grunt_qazlal_sundering
D:10:     layout_layer_cave, fiery_altar_vehumet

Skill      XL: |  1  2  3  4  5  6  7  8  9 |
---------------+----------------------------+-----
Armour         | 3 5 6 7 |  7.3
Long Blades    | 2 3 5 |  5.4
Shields        | 3 5 6 |  6.5
Fighting       | 7 8 |  8.4
Dodging        | 4 5 |  5.6
Stealth        | 4 |  4.6
Short Blades   | 1 3 5 |  5.7

Action                   |  1- 3 |  4- 6 |  7- 9 | 10-12 || total
-------------------------+-------+-------+-------+-------++-------
Melee: Long sword        |   104 |    49 |       |    17 ||   170
       Tailslap          |     6 |    22 |   125 |    10 ||   163
       Kick              |     6 |    54 |   255 |    32 ||   347
       Dagger            |       |    92 |   476 |       ||   568
       Short sword       |       |       |   205 |    61 ||   266
  Use: Scroll            |       |     7 |    17 |     1 ||    25
       Potion            |       |     4 |     7 |     4 ||    15
 Stab: Sleeping          |       |       |     1 |     1 ||     2
       Distracted        |       |       |       |     1 ||     1
Armor: Scale mail        |    57 |    58 |   130 |       ||   245
       Acid dragon scale |       |       |    24 |    29 ||    53
Dodge: Dodged            |    50 |    66 |   229 |    75 ||   420
Block: Buckler           |    30 |    17 |   115 |    35 ||   197

Table legend: (Time is in decaauts)
 A = Elapsed time spent in this place.
 B = Non-inter-level travel time spent in this place.
 C = Inter-level travel time spent in this place.
 D = Time resting spent in this place.
 E = Time spent auto-exploring this place.
 F = Levels seen in this place.
 G = Mean time per level.
                   A        B        C        D        E       F      G
               +--------+--------+--------+--------+--------+-----+--------+
         Total |  11910 |  11534 |    376 |    461 |   9231 |  11 | 1082.7 |
       Dungeon |  11299 |  10923 |    376 |    422 |   8852 |  10 | 1129.9 |
       Ossuary |    610 |    610 |      0 |     39 |    379 |   1 |  610.0 |
               +--------+--------+--------+--------+--------+-----+--------+

Top non-repeatable levels by time:
     D:6: 1658 daAuts
     D:3: 1490 daAuts
     D:7: 1452 daAuts
     D:2: 1304 daAuts
     D:1: 1257 daAuts
     D:4: 1136 daAuts
     D:8: 1094 daAuts
     D:5: 1081 daAuts
    D:10: 743 daAuts
 Ossuary: 610 daAuts
     D:9: 81 daAuts
